 Dungeon Crawl Stone Soup version 0.31-a0-187-gba352fbbf7 (webtiles) character file.

Game seed: 3587443952075590456

86 qw the Shooter (level 4, -1/25 HPs)
             Began as a Deep Elf Hunter on June 22, 2023.
             Engulfed by an orc wizard's steam (4 damage)
             ... on level 3 of the Dungeon.
             The game lasted 00:00:32 (1807 turns).

qw the Shooter (Deep Elf Hunter)                    Turns: 1807, Time: 00:00:33

Health: -1/25      AC:  7    Str:  9    XL:     4   Next: 26%
Magic:  6/6        EV: 11    Int: 11    God:
Gold:   199        SH:  0    Dex: 22    Spells: 3/3 levels left

rFire   . . .        Y - +0 shortbow
rCold   . . .        (shield currently unavailable)
rNeg    . . .        d - +0 ring mail
rPois   .            (helmet restricted)
rElec   .            (no cloak)
rCorr   .            i - +1 pair of gloves
SInv    .            (no boots)
Will    .....        e - amulet of faith
Stlth   +            b - +4 ring of slaying {mikee}
HPRegen 0.24/turn    (no ring)
MPRegen 0.10/turn

%: faith
@: very slow
A: horns 1, agile 1, dopey 1
a: no special abilities


You were on level 3 of the Dungeon.
You visited 1 branch of the dungeon, and saw 3 of its levels.

You collected 199 gold pieces.


Innate Abilities, Weirdness & Mutations

You have a pair of small horns on your head.
You are agile. (Dex +4, Str/Int -1)
You are dopey. (Int -2)


   Skills:
 - Level 1.5 Fighting
 + Level 7.7 Ranged Weapons
 - Level 2.4 Dodging
 - Level 1.2 Stealth


You had 3 spell levels left.
You didn't know any spells.
Your spell library was empty.

Inventory:

Hand Weapons
 Y - a +0 shortbow (weapon)
Armour
 d - a +0 ring mail (worn)
 i - a +1 pair of gloves (worn)
Jewellery
 b - a +4 ring of slaying (left hand) {mikee}
 e - an amulet of faith (around neck)
Scrolls
 a - 2 scrolls of teleportation
 c - a scroll of identify
Potions
 g - a potion of mutation
 h - 2 potions of might {unknown}
 j - a potion of enlightenment {unknown}
 l - a potion of cancellation {unknown}

Dungeon Overview and Level Annotations

Branches:
Dungeon (3/15)

Altars:
Dithmenos
Sif Muna
Xom


Message History

The arrow hits the orc wizard but does no damage.
The orc wizard hits you with a +0 dagger.
You shoot an arrow.
The arrow closely misses the orc wizard.
The orc wizard completely misses you.
You shoot an arrow.
The arrow closely misses the orc wizard.
The orc wizard hits you with a +0 dagger.
You shoot an arrow. The arrow hits the orc wizard.
The orc wizard is moderately wounded.
The orc wizard hits you but does no damage.
You shoot an arrow. The arrow hits the orc wizard.
The orc wizard is severely wounded.
The orc wizard hits you with a +0 dagger.
You shoot an arrow. The arrow misses the orc wizard.
The orc wizard hits you but does no damage.
The orc wizard casts a spell.
The orc wizard flickers and vanishes!
Deactivating autopickup; reactivate with Ctrl-A.
The orc wizard hits you but does no damage.
You shoot an arrow. The arrow hits the orc wizard.
You kill the orc wizard!
You have reached level 4!
You feel clever.
You shoot an arrow. Something hits you but does no damage.
You shoot an arrow. Something completely misses you.
You shoot an arrow.
You hear some strange, mumbled words.
A puff of flame appears from out of thin air!
The puff of flame hits you.
Autopickup is now on.
1806 ||| Stepping ~*~*~tactically~*~*~ (cloud).
You shoot an arrow.
You are engulfed in a cloud of scalding steam.
Something completely misses you.
1807 ||| Stepping ~*~*~tactically~*~*~ (cloud).
You shoot an arrow.
You are engulfed in a cloud of scalding steam.
You die...

***,,,,,,,#.#####....#####.
*,*.......#.#####.#### #.
*,*.......#..####.# ##
*,,..#######.########## ###
***,,..######8.8#.......# #..
*,,,,.#######...#.......# #..
*,,,*########8.8###.....# #..
*,,,*######~~{).~~##....###..
*,,,*#####~~@8.8~~~##........
*,,,*####~~~~#'#~~~~#...##...
*,,,*####~~.##.##.~~##..##...
*,,,*###~~~.#...#.~~~#..##...
*,,,*####~~.#...#.~~##..##...
*,,,*####~~.##_##.~~#...#####
*,,,*#####~~.###.~~##...#
*,,,*######~~~~~~~##....#
*,,,* ###~~~*##.....#


There were no monsters in sight!

Vanquished Creatures
  An orc wizard (D:3)
  2 adders (D:2)
  A dart slug (D:1)
  An orc (D:3)
  6 endoplasms
  5 goblins
  5 hobgoblins
  A quokka (D:1)
  9 ball pythons
  3 bats (D:2)
  A frilled lizard (D:1)
  A kobold (D:2)
  4 rats
40 creatures vanquished.

Notes
Turn   | Place    | Note
-------+----------+-------------------------------------------
     0 | D:1      | qw the Deep Elf Hunter began the quest for the Orb.
     0 | D:1      | Reached XP level 1. HP: 12/12 MP: 3/3
     0 | D:1      | 0 ||| qw: Version: 0.3-a-9-g12657ce
     0 | D:1      | 0 ||| qw: Game counter: 2140
     0 | D:1      | 0 ||| qw: Always use a shield: true
     0 | D:1      | 0 ||| qw: God list: Okawaru
     0 | D:1      | 0 ||| qw: Allow faded altars: false
     0 | D:1      | 0 ||| qw: Do Orc after D:15 true
     0 | D:1      | 0 ||| qw: Do second Lair branch before Depths: true
     0 | D:1      | 0 ||| qw: Lair rune preference: random
     0 | D:1      | 0 ||| qw: Plans: Normal
     0 | D:1      | 0 ||| PLANNING D:1-11
   173 | D:1      | Reached XP level 2. HP: 16/16 MP: 4/4
   175 | D:1      | Reached skill level 6 in Ranged Weapons
   665 | D:1      | 665 ||| UPGRADING to +0 ring mail.
   675 | D:1      | 675 ||| DROPPING +0 leather armour.
   676 | D:1      | 676 ||| UPGRADING to amulet of faith.
   681 | D:1      | 681 ||| READING 2 scrolls labelled XAABAO PENI.
   684 | D:1      | 684 ||| DROPPING scroll of butterflies.
   751 | D:2      | Reached XP level 3. HP: 20/20 MP: 5/5
   920 | D:2      | Reached skill level 7 in Ranged Weapons
  1458 | D:2      | 1458 ||| UPGRADING to +1 pair of gloves.
  1463 | D:2      | 1463 ||| UPGRADING to +4 ring of slaying {mikee}.
  1464 | D:2      | 1464 ||| READING 3 scrolls labelled BALUJI FOO.
  1465 | D:2      | 1465 ||| DRINKING 2 black potions.
  1465 | D:2      | Gained mutation: You have a pair of small horns on your
                  | head. [potion of mutation]
  1465 | D:2      | Gained mutation: You are dopey. (Int -2) [potion of
                  | mutation]
  1465 | D:2      | Gained mutation: You are agile. (Dex +4, Str/Int -1)
                  | [potion of mutation]
  1466 | D:2      | 1466 ||| READING 2 scrolls of identify.
  1466 | D:2      | 1466 ||| IDENTIFYING smoky red potion
  1467 | D:2      | 1467 ||| DROPPING potion of degeneration.
  1695 | D:3      | Found a shimmering altar of Xom.
  1702 | D:3      | Found a shadowy altar of Dithmenos.
  1787 | D:3      | Found a shimmering blue altar of Sif Muna.
  1794 | D:3      | 1794 ||| READING scroll labelled DAOPTO AFEU.
  1795 | D:3      | 1795 ||| READING scroll labelled OHAACI SYHAHECH.
  1803 | D:3      | Reached XP level 4. HP: 17/25 MP: 6/6
  1806 | D:3      | 1806 ||| Stepping ~*~*~tactically~*~*~ (cloud).
  1806 | D:3      | HP: 3/25 [something (9)]
  1807 | D:3      | 1807 ||| Stepping ~*~*~tactically~*~*~ (cloud).
  1807 | D:3      | Engulfed by an orc wizard's steam

Levels and vault maps discovered:
D:1:      tarquinn_simple_flora_water_e, layout_loops_ring, lemuel_flame_loot_1
D:2:      layout_basic, kennysheep_crisscross
D:3:      minmay_goblin_kobold_castle, layout_basic, kennysheep_orc_sif_temple,
          mainiacjoe_overflow_big_doors

Skill      XL: |  1  2  3 |
---------------+----------+-----
Ranged Weapons | 6 7 |  7.7
Fighting       | |  1.5
Dodging        | |  2.4
Stealth        | |  1.2

Action                     |  1- 3 |  4- 6 || total
---------------------------+-------+-------++-------
   Fire: Shortbow          |    99 |     5 ||   104
    Use: Scroll            |     5 |       ||     5
         Potion            |     1 |       ||     1
 Armour: Leather armour    |     3 |       ||     3
         Ring mail         |    12 |     1 ||    13
  Dodge: Dodged            |    15 |     2 ||    17

Table legend:
 A = Non-vault XP
 B = Vault XP
 C = Vault XP percentage of total XP
 D = Non-vault monster count
 E = Vault monster count
 F = Vault count percentage of total count
                 A         B        C        D         E       F
            +---------+---------+-------+---------+---------+-------
      Total |      85 |      38 |  30.9 |      38 |       2 |   5.0
            +---------+---------+-------+---------+---------+-------
        D:1 |      34 |       0 |   0.0 |      19 |       0 |   0.0
        D:2 |      51 |       0 |   0.0 |      19 |       0 |   0.0
        D:3 |       0 |      38 | 100.0 |       0 |       2 | 100.0
            +---------+---------+-------+---------+---------+-------
